 Dungeon Crawl Stone Soup version 0.27.1-33-g824d729ab1 (webtiles) character file.

Game seed: 9107105176425169313

37 DenSaoPin the Chucker (level 3, -4/33 HPs)
             Began as a Troll Hunter on Nov 28, 2021.
             Killed from afar by Sigmund (10 damage)
             ... with a puff of flame
             ... on level 2 of the Dungeon.
             The game lasted 00:03:19 (744 turns).

DenSaoPin the Chucker (Troll Hunter)                 Turns: 744, Time: 00:03:20

Health: -4/33      AC:  4    Str: 20    XL:     3   Next: 23%
Magic:  2/2        EV:  9    Int:  7    God:
Gold:   106        SH:  0    Dex: 11    Spells: 2/2 levels left

rFire    . . .     SeeInvis .   k - +0 mace
rCold    . . .     Faith    .   (no shield)
rNeg     . . .     Spirit   .   b - +0 robe
rPois    .         Reflect  .   (helmet restricted)
rElec    .         Harm     .   (no cloak)
rCorr    .         Rampage  .   (gloves unavailable)
Will     .....                  (boots unavailable)
Stlth    +.........             (no amulet)
HPRegen  1.11/turn              (no ring)
MPRegen  0.08/turn              (no ring)

@: no status effects
A: large, unfitting armour, claws 3, regeneration 1, shaggy fur 1, tough skin 1
a: no special abilities


You were on level 2 of the Dungeon.
You visited 1 branch of the dungeon, and saw 2 of its levels.

You collected 106 gold pieces.

Inventory:

Hand Weapons
 a - a +0 short sword
 g - a +0 club
 k - a +0 mace (weapon)
Missiles
 c - 5 large rocks (quivered)
 d - 2 throwing nets
 e - 15 stones
 n - 24 arrows
Armour
 b - a +0 robe (worn)
Jewellery
 f - an amulet of the acrobat
Scrolls
 h - a scroll of identify {unknown}
 i - a scroll of magic mapping {unknown}
 l - a scroll of blinking {unknown}
 m - a scroll of teleportation {unknown}
Potions
 j - a potion of magic {unknown}
 o - a potion of curing {unknown}


   Skills:
 - Level 1.5 Fighting
 * Level 0.8 Maces & Flails
 + Level 4.5 Throwing
 - Level 1.5 Dodging
 - Level 0.3 Stealth


You had 2 spell levels left.
You didn't know any spells.
Your spell library contained the following spells:

 Spells                   Type           Power      Damage    Failure   Level
 Slow                     Hex            0%         N/A       56%         2
 Confusing Touch          Hex            0%         N/A       80%         3
 Vampiric Draining        Necr           0%         2d6       80%         3


Dungeon Overview and Level Annotations

Branches:
Dungeon (2/15)

Altars:

Annotations:
D:2 Sigmund


Innate Abilities, Weirdness & Mutations

You are too large for most types of armour.
You have claws for hands.
Your natural rate of healing is unusually fast.
You are covered in fur. (AC +1)
You have tough skin. (AC +1)


Message History

Sigmund is lightly wounded.
Sigmund casts a spell.
Sigmund flickers and vanishes!
Deactivating autopickup; reactivate with Ctrl-A.
You miss something. Something hits you!
You closely miss something. Something hits you!
You hear some strange, mumbled words.
Something tries to affect you, but you resist.
There is a stone staircase leading up here.
You hear some strange, mumbled words.
Something tries to affect you, but you resist.
Something hits you.
There is a stone staircase leading down here.
You hear some strange, mumbled words.
You are confused.
You bump into the rock wall.
You bump into the rock wall.
Something hits you.
You bump into the rock wall.
You bump into the rock wall.
Something hits you.
You hear some strange, mumbled words.
A puff of flame appears from out of thin air!
The puff of flame hits you.
There is a stone staircase leading down here.
You bump into the rock wall.
Something hits you.
You closely miss something.
You feel less confused.
Sigmund appears from thin air!
Reactivating autopickup.
Sigmund hits you with a +0 scythe!
You closely miss Sigmund.
Sigmund is lightly wounded.
Sigmund hits you with a +0 scythe!
* * * LOW HITPOINT WARNING * * *
Sigmund flickers, as though insubstantial.
Sigmund gestures at you while chanting. The magic dart hits you!
* * * LOW HITPOINT WARNING * * *
Sigmund casts a spell at you. The puff of flame hits you!
You die...

##.# ####.....###
...# ##...## #..#
##.## #..# #.#
#..# #.# #..#
#######.# #..#
#....>..#
#..#######.#######
#....@...@#.# .
##.#######.##
....#####.# ###
.......<.<#
....####### .


You could see Sigmund.

Vanquished Creatures
  A worm (D:1)
  2 dart slugs (D:1)
  2 ball pythons (D:1)
  2 goblins (D:1)
  5 hobgoblins
  7 jackals (D:1)
  A quokka (D:1)
  A bat (D:1)
  3 frilled lizards
  2 kobolds (D:1)
  2 rats
28 creatures vanquished.

Notes
Turn   | Place    | Note
-------+----------+-------------------------------------------
     0 | D:1      | DenSaoPin the Troll Hunter began the quest for the Orb.
     0 | D:1      | Reached XP level 1. HP: 19/19 MP: 0/0
    74 | D:1      | Reached skill level 4 in Throwing
    80 | D:1      | Reached XP level 2. HP: 26/27 MP: 1/1
   352 | D:1      | Reached XP level 3. HP: 33/33 MP: 2/2
   656 | D:2      | Noticed Sigmund
   740 | D:2      | HP: 1/33 [Sigmund/magic dart (10)]
   744 | D:2      | Killed from afar by Sigmund

Illustrated notes

Levels and vault maps discovered:
D:1:      scummos_arrival_simple_fountains, layout_rooms, hex_tiny,
          minmay_tetromino_i4
D:2:      layout_loops_ring, basic_altar, hellmonk_ecumenical_altar_lost_god,
          grunt_ministairs_15, minmay_misc_feat_room, uniq_sigmund

Skill      XL: |  1 |
---------------+----+-----
Throwing       | 4 |  4.5
Fighting       | |  1.5
Maces & Flails | |  0.8
Dodging        | |  1.5
Stealth        | |  0.3

Action                   || total
-------------------------++-------
Melee: Unarmed           ||    61
       Short sword       ||     3
       Mace              ||    44
Armor: Robe              ||    48
Dodge: Dodged            ||    52
